 Dungeon Crawl Stone Soup version 0.19-a0-2013-g488b080 (webtiles) character file.

35989 Faca the Severer (level 13, -3/116 HPs)
             Began as a Minotaur Berserker on Jan 20, 2017.
             Was a High Priest of Trog.
             Slain by an orc knight
             ... wielding a +0 dire flail
              (17 damage)
             ... on level 1 of the Orcish Mines.
             The game lasted 00:38:01 (14160 turns).

Faca the Severer (Minotaur Berserker)              Turns: 14160, Time: 00:38:02

Health: -3/116     AC: 23    Str: 23    XL:     13   Next: 50%
Magic:  12/12      EV: 12    Int:  4    God:    Trog [*****.]
Gold:   1098       SH:  0    Dex: 14    Spells: 12/12 levels left

rFire  . . .     SeeInvis .     F - +0 battleaxe
rCold  . . .     Faith    +     b - +0 plate armour
rNeg   . . .     Spirit   .     (shield currently unavailable)
rPois  .         Reflect  .     E - +0 hat
rElec  .                        k - +0 cloak
rCorr  .                        I - +0 pair of gloves
MR     .....                    (no boots)
Stlth  ..........               a - amulet of faith
                                A - +5 ring of protection
                                t - +4 ring of slaying

@: drained
A: retaliatory headbutt, horns 2
a: Berserk, Trog's Hand, Brothers in Arms, Burn Spellbooks, Renounce Religion


You were on level 1 of the Orcish Mines.
You worshipped Trog.
Trog was extremely pleased with you.
You were not hungry.

You visited 2 branches of the dungeon, and saw 14 of its levels.
You also visited: Ossuary.

You collected 1098 gold pieces.

Inventory:

Hand Weapons
 B - a +0 shortbow
 F - a +0 battleaxe (weapon)
 G - a +2 longbow of velocity
Missiles
 d - 2059 arrows
Armour
 b - a +0 plate armour (worn)
 k - a +0 cloak (worn)
 E - a +0 hat (worn)
 I - a +0 pair of gloves (worn)
Jewellery
 a - an amulet of faith (around neck)
 t - a +4 ring of slaying (left hand)
 y - an uncursed ring of flight
 A - a +5 ring of protection (right hand)
 J - an uncursed ring of ice
Wands
 c - a wand of flame (9/24)
 v - a wand of confusion (8/24)
 w - a wand of acid (6/15)
 C - a wand of acid (4/15)
 H - a wand of digging (12/18)
Scrolls
 f - 2 scrolls of enchant weapon
 g - 5 scrolls of enchant armour
 l - 3 scrolls of recharging
 m - 6 scrolls of teleportation
 p - 3 scrolls of magic mapping
 q - 2 scrolls of fog
 s - 4 scrolls of fear
 D - a scroll of summoning
Potions
 e - 2 potions of lignification
 h - a potion of berserk rage
 i - 5 potions of brilliance
 j - 3 potions of resistance
 n - 3 potions of flight
 o - a potion of might
 r - a potion of agility
 u - a potion of ambrosia
 z - 2 potions of invisibility
 K - a potion of curing


   Skills:
 + Level 11.4(11.0) Fighting
 + Level 17.0(16.5) Axes
 * Level 7.6(7.3) Bows
 + Level 12.3(11.8) Armour
 * Level 10.8(10.4) Dodging
 + Level 0.6(0.3) Stealth


You had 12 spell levels left.
You didn't know any spells.

Dungeon Overview and Level Annotations

Branches:
Dungeon (13/15)            Temple (0/1) D:4           Swamp (0/3) D:13
    Orc (1/2) D:11
   Lair: D:-1         Snake: D:13-14     Spider: D:13-14      Crypt: Vaults:-1
   Tomb: Vaults:-1

Altars:
Cheibriados
Gozag
Hepliaklqana
Kikubaaqudgha
Ru
Vehumet
Xom
Yredelemnul
Zin
Jiyva

Shops:
D:7 }*   D:12 *


Innate Abilities, Weirdness & Mutations

You reflexively headbutt those who attack you in melee.
You have a pair of horns on your head.


Message History

The orc knight hits you with a +0 dire flail (11)!
You closely miss the orc knight.
You headbutt the orc knight, but do no damage.
The orc knight is heavily wounded.
You barely miss the orc knight.
The orc knight is heavily wounded.
The orc knight hits you with a +0 dire flail (4).
You hit the orc knight but do no damage.
The orc knight is heavily wounded.
The orc knight hits you with a +0 dire flail (15)!
* * * LOW HITPOINT WARNING * * *
You hit the orc knight but do no damage.
You headbutt the orc knight (1).
The orc knight is heavily wounded.
The orc knight hits you with a +0 dire flail (8)!
* * * LOW HITPOINT WARNING * * *
You slash the orc knight (12)! You headbutt the orc knight (1).
The orc knight is severely wounded.
The orc knight hits you with a +0 dire flail (17)!
You die...

.##.#.............
...#..........#.........
.............#.......)<)
..........#.#..........)
..................##...........
...>.............##............
.....$.........## ##....#......
..............o.## ###.###.....
..............@[.###.#.##....#.
.................#......#...###
......$.).#.....).......#....##
.......†...#.................#.
.$...$..................#.#.###
..............)).......###### #
........................##.###
.....#.....#....#............#
o..####.....#............#....#


You could see an orc knight.

Vanquished Creatures
  Nessos (D:12)
  Erolcha (D:12)
  Harold (D:10)
  A hydra (D:11)
  2 centaur warriors
  6 two-headed ogres
  A death knight (D:11)
  A tengu warrior (D:13)
  An orc high priest (D:11)
  An unseen horror (D:10)
  A deep elf mage (D:12)
  4 orc sorcerers
  2 ugly things
  3 cyclopes (D:12)
  A manticore (D:13)
  2 torpor snails
  3 spiny frogs
  Joseph (D:9)
  2 rime drakes
  4 centaur skeletons
  An efreet (D:13)
  A tengu conjurer (D:13)
  3 trolls
  5 blink frogs (D:12)
  A harpy skeleton (D:13)
  11 slime creatures
  A wraith (Ossuary)
  A vampire (D:9)
  7 wyverns
  28 yaks
  2 steam dragons
  2 angry ghosts
  5 wargs
  A spiny frog zombie (D:7)
  An acid dragon (D:12)
  3 water moccasins
  2 ice beasts
  4 wasps
  10 orc warriors
  A black bear (D:5)
  10 ogres
  2 blink frog skeletons (D:9)
  18 centaurs
  2 rime drake skeletons
  2 bullfrogs
  A gnoll sergeant (D:9)
  4 wyvern skeletons
  A water moccasin skeleton (D:8)
  A scorpion (shapeshifter) (D:12)
  A scorpion (D:6)
  A vampire bat (D:12)
  10 wights
  4 howler monkeys
  2 wasp zombies (D:12)
  4 centaur zombies
  A crimson imp (D:9)
  5 jellies
  Crazy Yiuf (D:3)
  2 hounds
  7 orc priests
  A gnoll shaman (D:4)
  12 orc wizards
  A bullfrog skeleton (D:7)
  An iguana (D:6)
  A worker ant (D:5)
  A killer bee zombie (D:8)
  A hound skeleton (D:5)
  A mummy (Ossuary)
  10 gnolls
  7 adders
  2 shadow imps
  An adder skeleton (D:4)
  3 dart slugs
  A leopard gecko (D:3)
  36 orcs
  4 giant cockroaches
  8 hobgoblins
  6 jackals
  2 quokkas
  A ball python (D:1)
  16 bats
  8 frilled lizards
  7 gnoll skeletons (Ossuary)
  7 goblins
  6 kobolds
  9 kobold skeletons (Ossuary)
  9 orc skeletons (Ossuary)
  A quokka skeleton (D:5)
  5 rats
376 creatures vanquished.

Notes
Turn   | Place    | Note
-------+----------+-------------------------------------------
     0 | D:1      | Faca the Minotaur Berserker began the quest for the Orb.
     0 | D:1      | Reached XP level 1. HP: 19/19 MP: 0/0
    79 | D:1      | Found a viscous altar of Jiyva.
    81 | D:1      | Noticed a jelly
    81 | D:1      | Noticed a jelly
    82 | D:1      | Noticed a jelly
    83 | D:1      | Noticed a jelly
    88 | D:1      | Noticed a jelly
   135 | D:1      | Reached skill level 4 in Axes
   135 | D:1      | Reached XP level 2. HP: 17/27 MP: 1/1
   589 | D:2      | Reached XP level 3. HP: 29/33 MP: 2/2
   698 | D:2      | Found a sacrificial altar of Ru.
   984 | D:2      | Found a faded altar of an unknown god.
  1011 | D:2      | Reached ** piety under Trog
  1220 | D:3      | Reached skill level 5 in Axes
  1220 | D:3      | Reached XP level 4. HP: 34/41 MP: 3/3
  1467 | D:3      | Found a runed door.
  1492 | D:3      | Noticed Crazy Yiuf
  1501 | D:3      | Killed Crazy Yiuf
  1501 | D:3      | Reached XP level 5. HP: 25/47 MP: 4/4
  1783 | D:3      | Reached skill level 6 in Axes
  1938 | D:4      | Found an ancient bone altar of Kikubaaqudgha.
  2020 | D:4      | Reached XP level 6. HP: 17/55 MP: 5/5
  2020 | D:4      | Reached skill level 5 in Fighting
  2157 | D:4      | Found a sand-covered staircase.
  2166 | Ossuary  | Entered an ossuary
  2166 | Ossuary  | Noticed a wraith
  2166 | Ossuary  | Noticed a wraith
  2166 | Ossuary  | Noticed a wraith
  2295 | Ossuary  | Reached *** piety under Trog
  2367 | Ossuary  | Noticed a wraith
  2390 | Ossuary  | Killed a wraith
  2390 | Ossuary  | Reached skill level 7 in Axes
  2390 | Ossuary  | Reached skill level 5 in Armour
  2390 | Ossuary  | Reached XP level 7. HP: 25/61 MP: 6/6
  2578 | D:4      | Found a radiant altar of Vehumet.
  2597 | D:4      | Found a snail-covered altar of Cheibriados.
  2616 | D:4      | Found a hazy altar of Hepliaklqana.
  2857 | D:4      | Found a staircase to the Ecumenical Temple.
  2872 | D:5      | Entered Level 5 of the Dungeon
  3070 | D:5      | Received a gift from Trog
  3118 | D:5      | Reached skill level 8 in Axes
  3313 | D:5      | Found a shimmering altar of Xom.
  3313 | D:5      | Found a basalt altar of Yredelemnul.
  3358 | D:5      | Found a glowing silver altar of Zin.
  3730 | D:6      | Reached XP level 8. HP: 69/70 MP: 7/7
  4039 | D:6      | Reached skill level 9 in Axes
  4317 | D:7      | Noticed a troll
  4324 | D:7      | Killed a troll
  4544 | D:7      | Reached skill level 10 in Axes
  4580 | D:7      | Reached XP level 9. HP: 60/79 MP: 8/8
  4587 | D:7      | Reached **** piety under Trog
  4726 | D:7      | Reached skill level 5 in Dodging
  4991 | D:7      | Found an opulent altar of Gozag.
  5022 | D:7      | Found Gozag's Platinum Reserve.
  5099 | D:7      | Found Peminys's Gadget Shop.
  5265 | D:7      | Noticed a spiny frog
  5271 | D:7      | Killed a spiny frog
  5271 | D:7      | Reached skill level 11 in Axes
  5538 | D:8      | Noticed a two-headed ogre
  5554 | D:8      | Killed a two-headed ogre
  5554 | D:8      | Reached skill level 12 in Axes
  5554 | D:8      | Reached XP level 10. HP: 88/88 MP: 9/9
  6230 | D:9      | Noticed Joseph
  6244 | D:9      | Killed Joseph
  6376 | D:9      | Reached skill level 13 in Axes
  6465 | D:9      | Reached skill level 1 in Bows
  6485 | D:9      | Noticed a two-headed ogre
  6497 | D:9      | Killed a two-headed ogre
  6753 | D:9      | Reached ***** piety under Trog
  6775 | D:9      | Reached XP level 11. HP: 85/97 MP: 10/10
  6952 | D:9      | Reached skill level 10 in Armour
  7141 | D:10     | Entered Level 10 of the Dungeon
  7231 | D:10     | Noticed a two-headed ogre
  7244 | D:10     | Killed a two-headed ogre
  7244 | D:10     | Reached skill level 14 in Axes
  7460 | D:10     | Noticed Harold
  7470 | D:10     | Killed Harold
  7597 | D:10     | Killed an unseen horror
  7825 | D:10     | Noticed a two-headed ogre
  7836 | D:10     | Killed a two-headed ogre
  8173 | D:10     | Reached skill level 10 in Fighting
  8307 | D:11     | Received a gift from Trog
  8442 | D:11     | Noticed a five-headed hydra
  8454 | D:11     | Killed a five-headed hydra
  8454 | D:11     | Reached skill level 15 in Axes
  8454 | D:11     | Reached XP level 12. HP: 45/106 MP: 11/11
  8715 | D:11     | Found a staircase to the Orcish Mines.
  8764 | D:11     | Reached skill level 5 in Bows
  8980 | D:11     | Noticed an orc high priest
  8995 | D:11     | Killed an orc high priest
  9440 | D:11     | Noticed a centaur warrior
  9446 | D:11     | Killed a centaur warrior
  9468 | D:11     | Noticed a death knight
  9738 | D:11     | Killed a death knight
 10591 | D:12     | Reached skill level 16 in Axes
 11141 | D:12     | Noticed Nessos
 11441 | D:12     | Found Iloxabol's Profane Products.
 11452 | D:12     | Found an ancient bone altar of Kikubaaqudgha.
 11533 | D:12     | Reached skill level 10 in Dodging
 11547 | D:12     | Got the -4 shield of the Sneaky Allies {rPois rF- MP-9 Str+8}
 11716 | D:12     | Killed Nessos
 11716 | D:12     | Reached XP level 13. HP: 86/116 MP: 12/12
 12066 | D:12     | Noticed Erolcha
 12072 | D:12     | Killed Erolcha
 12224 | D:12     | HP: 5/116 [large slime creature (22)]
 13338 | D:13     | Found a staircase to the Swamp.
 13770 | Orc:1    | Entered Level 1 of the Orcish Mines
 13778 | D:11     | Received a gift from Trog
 14061 | Orc:1    | Reached skill level 17 in Axes
 14160 | Orc:1    | Slain by an orc knight

Vault maps used:
D:1:      erik_arrival_cave_to_civilisation
D:2:      nicolae_ru_sacrificial_ziggurat, ecumenical_altar_1
D:3:      corexii_shack_village, uniq_crazy_yiuf_cottage
D:4:      kennysheep_mini_moat, nicolae_overflow_hidden_temple,
          lightli_ossuary_entry_decrepit_ruins, first_bread
D:5:      zin_treasury, gammafunk_temple_overflow_elements
D:7:      nicolae_gozag_zags_fifth_avenue, serial_shops, nicolae_shop_trees,
          grunt_ogre_cave, kennysheep_generic_room_15
D:8:      kennysheep_generic_room_8
D:9:      uniq_joseph
D:10:     uniq_harold
D:11:     david_orc_1_choice
D:12:     roderic_batcave, nicolae_evil_shop, uniq_nessos, uniq_erolcha
D:13:     swamp_mist
Ossuary:  ossuary_due_mausoleum

Skill      XL: |  1  2  3  4  5  6  7  8  9 10 11 12 13 |
---------------+----------------------------------------+-----
Axes           | 4 5 6 7 8 10 12 13 15 16 17 | 17.0
Fighting       | 4 5 7 8 9 10 11 | 11.4
Armour         | 3 4 5 6 7 8 9 10 11 12 | 12.3
Dodging        | 3 4 6 7 8 10 | 10.8
Bows           | 1 4 6 7 |  7.6
Stealth        | |  0.6

Action                   |  1- 3 |  4- 6 |  7- 9 | 10-12 | 13-15 || total
-------------------------+-------+-------+-------+-------+-------++-------
Melee: Hand axe          |    95 |   158 |    17 |       |       ||   270
       Headbutt          |    18 |    30 |    38 |   110 |    35 ||   231
       War axe           |       |       |   177 |    94 |       ||   271
       Battleaxe         |       |       |       |   342 |   143 ||   485
 Fire: Shortbow          |       |       |       |    11 |     3 ||    14
       Longbow           |       |       |       |    12 |     3 ||    15
Throw: Tomahawk          |       |       |       |       |     1 ||     1
Invok: Burn Spellbooks   |       |       |     2 |     3 |     2 ||     7
       Berserk           |       |       |     1 |     1 |       ||     2
       Brothers in Arms  |       |       |       |     1 |       ||     1
  Use: Potion            |       |     1 |     1 |     6 |     2 ||    10
       Scroll            |       |       |       |     2 |     1 ||     3
Armor: Animal skin       |     9 |       |       |       |       ||     9
       Plate armour      |    32 |    81 |   134 |   259 |    92 ||   598
       Ring mail         |     9 |       |       |       |       ||     9
Dodge: Dodged            |    55 |    49 |    91 |   272 |    92 ||   559
